Map: 2000 Atmospheres LE

Players

Astrea - Winner!

  • Race: Protoss Protoss

TriGGeR

  • Race: Protoss Protoss

Event: DreamHack SC2 Masters 2021 Fall

VOD

Have the link to the VOD?

Description

Time

  • Played on: Aug. 4, 2021, 4:24 p.m.
  • Length: 12:39

All games in this series

Show
View Real Time Build Order
Export as new Build Order

Astrea Protoss - Winner!

Build Orders: Oracle Opening, Phoenix Opening 

Get SALT Encoding   

  12  0:00  Probe  
  13  0:12  Probe  
  14  0:17  Pylon  
  14  0:24  Probe (Chrono Boost)  
  15  0:36  Probe (Chrono Boost)  
  15  0:37  Gateway  
  16  0:44  Probe (Chrono Boost)  
  16  0:45  Assimilator  
  17  0:51  Probe  
  17  0:54  Assimilator  
  18  1:03  Probe (Chrono Boost)  
  19  1:10  Gateway  
  19  1:13  Probe (Chrono Boost)  
  19  1:18  Probe (Chrono Boost)  
  20  1:24  Cybernetics Core  
  21  1:29  Probe  
  22  1:36  Pylon  
  22  1:41  Probe  
  24  2:00  Stargate  
  24  2:02  Adept  
  24  2:03  Adept  
  27  2:08  Warp Gate  
  27  2:09  Probe  
  28  2:19  Pylon  
  27  2:37  Stalker  
  27  2:43  Oracle (Chrono Boost)  
  32  2:55  Stalker  
  34  3:12  Nexus  
  34  3:28  Probe  
  33  3:35  Twilight Council  
  33  3:40  Probe  
  32  3:45  Phoenix  
  33  3:52  Probe (Chrono Boost)  
  34  4:02  Stalker  
  37  4:04  Pylon, Probe (Chrono Boost)  
  37  4:09  Probe (Chrono Boost)  
  37  4:15  Shield Battery  
  37  4:16  Blink (Chrono Boost)  
  38  4:20  Probe (Chrono Boost)  
  39  4:29  Probe (Chrono Boost)  
  40  4:37  Probe (Chrono Boost)  
  42  4:38  Probe (Chrono Boost)  
  42  4:40  Stalker  
  42  4:43  Probe x2 (Chrono Boost)  
  46  4:55  Stalker, Probe  
  46  4:56  Probe  
  50  5:06  Stalker  
  52  5:07  Probe  
  52  5:08  Probe  
  54  5:15  Pylon  
  54  5:19  Probe  
  55  5:23  Probe  
  55  5:26  Gateway  
  56  5:32  Stalker, Probe  
  56  5:35  Stalker  
  61  5:38  Pylon  
  61  5:40  Probe  
  62  5:44  Probe  
  63  5:51  Pylon  
  63  5:53  Probe  
  63  5:56  Probe  
  65  5:59  Adept x2  
  69  6:05  Probe  
  69  6:06  Assimilator  
  70  6:16  Nexus  
  67  6:19  Stalker x2  
  71  6:26  Probe x2  
  71  6:27  Stalker  
  75  6:38  Probe x2  
  77  6:50  Probe  
  78  6:58  Charge, Probe  
  78  6:59  Forge, Pylon x2  
  77  7:02  Probe  
  77  7:04  Shield Battery  
  76  7:10  Robotics Facility, Probe  
  76  7:14  Probe  
  78  7:18  Protoss Ground Weapons Level 1 (Chrono Boost), Stalker x3  
  84  7:23  Probe (Chrono Boost)  
  84  7:27  Probe x2 (Chrono Boost)  
  87  7:34  Gateway  
  87  7:35  Gateway, Probe (Chrono Boost)  
  90  7:37  Probe x2 (Chrono Boost)  
  90  7:41  Gateway  
  90  7:42  Sentry  
  90  7:43  Gateway  
  92  7:53  Zealot x2  
  92  7:57  Assimilator  
  96  8:01  Templar Archives  
  96  8:04  Pylon  
  97  8:05  Observer  
  97  8:06  Probe  
  97  8:07  Probe x2  
  97  8:08  Pylon  
  100  8:14  Zealot x3  
  100  8:16  Pylon  
  105  8:29  Zealot x2  
  105  8:30  Pylon  
  105  8:33  Warp Prism (Chrono Boost)  
  110  8:35  Zealot x3  
  110  8:40  High Templar x2  
  120  8:46  Archon  
  120  8:49  Gateway  
  120  8:52  Zealot x3  
  126  8:59  Zealot x2  
  126  9:01  Observer (Chrono Boost)  
  126  9:02  Pylon  
  130  9:07  Pylon  
  130  9:09  Pylon x2, Protoss Ground Weapons Level 2 (Chrono Boost)  
  131  9:10  Zealot  
  131  9:14  High Templar x2  
  131  9:15  Zealot x2  
  141  9:22  Assimilator, Archon  
  141  9:27  Zealot  
  141  9:28  Zealot  
  141  9:31  Zealot  
  147  9:38  Assimilator  
  145  9:41  Zealot x2  
  145  9:43  Nexus  
  141  9:53  Zealot  
  141  9:54  Zealot x3  
  131  10:04  Zealot x4  
  131  10:14  High Templar x4  
  131  10:18  Archon x2  
  139  10:27  Zealot x4  
  147  10:28  Probe x2  
  147  10:29  Probe  
  147  10:32  Pylon  
  148  10:48  High Templar x3  
  148  10:49  High Templar, Zealot x4  
  164  10:50  Probe  
  164  10:51  Probe x2  
  164  10:53  Pylon  
  164  10:54  Archon  
  164  10:55  Archon  
  167  10:59  Probe  
  162  11:09  Zealot x2  
  162  11:11  Probe  
  165  11:15  Zealot x2  
  165  11:16  Probe  
  166  11:18  Probe  
  161  11:26  Shield Battery  
  161  11:27  Zealot x2  
  161  11:28  Zealot x2  
  163  11:41  High Templar x2  
  163  11:42  High Templar x2  
  163  11:45  Archon  
  163  11:46  Archon  
  165  11:48  Zealot x4  
  174  11:54  Probe x3  
  174  11:56  Pylon  
  174  11:58  Pylon  
  176  12:11  Stalker x4  
  176  12:14  Zealot x3  
  176  12:15  Zealot  
  151  12:26  Probe  
Show
View Real Time Build Order
Export as new Build Order

TriGGeR Protoss 

Build Orders: Oracle Opening, Phoenix Opening 

Get SALT Encoding   

  12  0:00  Probe  
  13  0:12  Probe  
  14  0:16  Pylon  
  14  0:24  Probe (Chrono Boost)  
  16  0:36  Probe (Chrono Boost)  
  16  0:37  Gateway  
  16  0:42  Probe (Chrono Boost)  
  16  0:46  Assimilator  
  17  0:51  Probe  
  17  0:54  Assimilator  
  18  1:03  Probe (Chrono Boost)  
  19  1:07  Gateway  
  19  1:15  Probe (Chrono Boost)  
  20  1:23  Probe (Chrono Boost)  
  20  1:24  Cybernetics Core  
  21  1:29  Probe  
  22  1:35  Pylon  
  22  1:41  Probe  
  23  1:53  Probe  
  24  2:00  Stalker  
  24  2:01  Stalker, Warp Gate  
  29  2:11  Pylon  
  28  2:24  Stargate  
  28  2:33  Adept x2  
  32  2:54  Shield Battery  
  32  3:05  Nexus  
  31  3:09  Shield Battery  
  31  3:13  Oracle (Chrono Boost)  
  34  3:22  Probe  
  34  3:34  Probe  
  35  3:46  Probe  
  35  3:47  Phoenix (Chrono Boost)  
  36  3:52  Stalker  
  36  3:53  Stalker  
  38  3:58  Probe  
  39  4:05  Pylon  
  39  4:16  Twilight Council, Probe (Chrono Boost)  
  40  4:18  Probe (Chrono Boost)  
  41  4:28  Probe (Chrono Boost)  
  41  4:29  Probe (Chrono Boost)  
  41  4:30  Stalker  
  45  4:33  Probe (Chrono Boost)  
  45  4:34  Probe (Chrono Boost)  
  47  4:41  Stalker  
  47  4:42  Probe  
  47  4:44  Probe  
  51  4:50  Blink (Chrono Boost)  
  51  4:54  Probe  
  51  4:56  Probe  
  53  5:07  Assimilator, Probe  
  54  5:08  Probe  
  54  5:10  Robotics Facility  
  55  5:14  Stalker  
  55  5:19  Probe  
  58  5:27  Nexus  
  58  5:30  Probe  
  58  5:31  Probe  
  60  5:35  Pylon  
  60  5:40  Stalker  
  62  5:45  Probe  
  62  5:49  Probe  
  62  5:56  Shield Battery  
  62  5:57  Probe  
  62  5:58  Observer  
  62  6:02  Gateway  
  62  6:03  Gateway, Stalker  
  66  6:04  Stalker  
  66  6:10  Probe  
  66  6:17  Shield Battery  
  67  6:20  Pylon  
  67  6:25  Immortal (Chrono Boost)  
  67  6:30  Pylon  
  70  6:39  Stalker  
  70  6:40  Stalker  
  70  6:42  Probe  
  70  6:43  Probe  
  70  6:58  Probe x2 (Chrono Boost)  
  70  7:00  Probe (Chrono Boost)  
  74  7:09  Probe (Chrono Boost)  
  74  7:10  Probe x2 (Chrono Boost)  
  74  7:13  Forge  
  74  7:14  Probe (Chrono Boost)  
  74  7:18  Observer (Chrono Boost)  
  74  7:19  Probe x2  
  78  7:24  Pylon  
  78  7:26  Probe  
  78  7:28  Charge (Chrono Boost)  
  79  7:33  Probe x2 (Chrono Boost)  
  79  7:36  Immortal (Chrono Boost)  
  85  7:38  Probe (Chrono Boost)  
  85  7:40  Pylon  
  85  7:44  Gateway  
  87  7:47  Gateway  
  87  7:48  Probe (Chrono Boost)  
  87  7:49  Probe (Chrono Boost)  
  87  7:50  Protoss Ground Weapons Level 1 (Chrono Boost), Probe (Chrono Boost)  
  86  7:55  Probe  
  88  7:59  Gateway x2  
  88  8:01  Probe  
  88  8:02  Probe  
  90  8:07  Assimilator  
  90  8:08  Probe  
  91  8:12  Assimilator  
  91  8:14  Probe  
  91  8:19  Probe  
  93  8:23  Pylon  
  93  8:24  Pylon  
  93  8:26  Zealot x2  
  93  8:27  Pylon, Zealot x2  
  101  8:32  Templar Archives  
  101  8:40  Photon Cannon  
  101  8:46  Gateway  
  101  8:48  Gateway  
  101  8:51  Zealot x3  
  101  8:55  Pylon  
  106  8:56  Sentry  
  108  9:04  Nexus  
  108  9:05  Zealot  
  110  9:10  High Templar  
  110  9:11  High Templar x4  
  120  9:17  Archon x2  
  120  9:19  Zealot x2  
  120  9:22  Probe x2  
  125  9:32  Shield Battery  
  125  9:35  High Templar, Robotics Bay  
  125  9:36  Shield Battery  
  125  9:39  Zealot x2  
  125  9:40  Zealot  
  125  9:43  Zealot  
  125  9:44  Shield Battery  
  125  9:45  Archon  
  133  9:46  Zealot  
  129  9:53  Zealot x3  
  129  9:56  Zealot  
  118  10:01  Zealot x2  
  118  10:05  Zealot  
  118  10:06  Zealot  
  117  10:09  Observer  
  117  10:10  Protoss Ground Weapons Level 2 (Chrono Boost)  
  117  10:13  High Templar x2  
  116  10:15  Probe x3  
  116  10:18  Archon  
  119  10:27  Zealot  
  119  10:28  Zealot x3  
  125  10:32  High Templar  
  125  10:33  High Templar  
  125  10:34  Zealot  
  131  10:37  Archon  
  131  10:39  Zealot  
  131  10:41  Probe x3  
  136  10:45  Disruptor  
  139  10:52  Zealot x4  
  139  10:55  Zealot  
  149  11:01  Zealot x3  
  147  11:10  Zealot x2  
  151  11:12  Zealot  
  151  11:13  Zealot x2  
  151  11:15  Zealot  
  153  11:21  Warp Prism (Chrono Boost)  
  151  11:27  Zealot  
  151  11:28  Zealot x2  
  157  11:35  Zealot x3  
  157  11:45  Zealot x3  
  163  11:51  Assimilator  
  163  11:52  Photon Cannon  
  163  11:53  Disruptor (Chrono Boost)  
  159  11:54  Assimilator  
  159  11:55  Photon Cannon  
  162  12:02  Zealot  
  162  12:13  Zealot  
  162  12:14  Zealot x3  
  146  12:18  Zealot x5  
  128  12:25  Zealot  

Tags
 
Add a new tag
Caveats
  • Supply blocks, unpowered buildings, or Contaminate may cause inaccurate times.
  • Supply counts are checked every 10 seconds.